 Dungeon Crawl Stone Soup version 0.28-a0-1084-ga282ea246d (webtiles) character file.

Game seed: 17334667434534699851

26 ChaosChampion the Skirmisher (level 2, -5/24 HPs)
             Began as a Demonspawn Abyssal Knight on Dec 10, 2021.
             Was a Follower of Lugonu.
             Slain by an orc (7 damage)
             ... on level 2 of the Dungeon.
             The game lasted 00:03:15 (1450 turns).

ChaosChampion the Skirmisher (DsAK)                 Turns: 1450, Time: 00:03:15

Health: -5/24      AC:  3    Str: 13    XL:     2   Next: 89%
Magic:  4/4        EV: 11    Int: 11    God:    Lugonu [*.....]
Gold:   94         SH:  0    Dex: 13    Spells: 1/1 levels left

rFire   . . .      SeeInvis .   a - +1 hand axe
rCold   . . .      Faith    +   (no shield)
rNeg    . . .      Spirit   .   b - +0 leather armour
rPois   .          Reflect  .   (no helmet)
rElec   .          Harm     .   (no cloak)
rCorr   .          Rampage  .   (no gloves)
Will    .....                   (no boots)
Stlth   +.........              c - amulet of faith
HPRegen 0.08/turn               (no ring)
MPRegen 0.09/turn               (no ring)

@: no status effects
A: foul stench 1
a: Renounce Religion, Depart the Abyss


You were on level 2 of the Dungeon.
You worshipped Lugonu.
Lugonu was aware of your devotion.
You visited 1 branch of the dungeon, and saw 2 of its levels.
You visited the Abyss 1 time.

You collected 94 gold pieces.

Inventory:

Hand Weapons
 a - a +1 hand axe (weapon)
Armour
 b - a +0 leather armour (worn)
Jewellery
 c - an amulet of faith (around neck)
Scrolls
 f - a scroll of torment {unknown}
 g - a scroll of magic mapping {unknown}
 h - a scroll of enchant weapon {unknown}
Potions
 d - a potion of mutation {unknown}
 e - a potion of might {unknown}


   Skills:
 * Level 3.3 Fighting
 + Level 2.0 Axes
 + Level 2.0 Armour
 + Level 1.3 Dodging
 + Level 2.9 Invocations


You had one spell level left.
You didn't know any spells.
Your spell library contained the following spells:

 Spells                   Type           Power      Damage    Failure   Level
 Hailstorm                Conj/Ice       0%         3d3       99%         4
 Ice Form                 Ice/Tmut       0%         N/A       99%         4
 Simulacrum               Ice/Necr       0%         N/A       100%        6


Dungeon Overview and Level Annotations

Branches:
Dungeon (2/15)

Altars:


Innate Abilities, Weirdness & Mutations

You may rarely emit foul miasma when damaged in melee.


Message History

You aren't in the Abyss!
Okay, then.
An orc wizard is nearby!
What are your orders? t - Shout!
Orders for allies: a - Attack new target. r - Retreat! s - Stop attacking. g - Guard the area. f - Follow me.
Anything else - Cancel.
Gang up on whom?
Press: ? - help, Dir - move target, f - you
Okay, then.
You start waiting.
There are monsters nearby!
You start waiting.
An orc wizard is nearby!
An orc wizard is nearby!
You hit the orc wizard but do no damage.
The orc wizard hits you with a +0 dagger. x2
The orc barely misses you.
You closely miss the orc wizard. You completely miss the orc.
The orc hits you but does no damage. The orc wizard closely misses you.
You barely miss the orc wizard. You hit the orc but do no damage.
The orc closely misses you.
The orc wizard hits you with a +0 dagger.
You hit the orc wizard but do no damage.
You hit the orc but do no damage. The orc closely misses you.
The orc wizard barely misses you.
You hit the orc wizard but do no damage.
You hit the orc. The orc hits you with a +0 flail!
The orc wizard barely misses you.
You closely miss the orc wizard. You barely miss the orc.
The orc hits you with a +0 flail.
* * * LOW HITPOINT WARNING * * *
You emit a cloud of foul miasma!
The orc wizard hits you with a +0 dagger.
* * * LOW HITPOINT WARNING * * *
The orc is engulfed in dark miasma.
The orc is poisoned.
The orc hits you with a +0 flail!
You die...

#.........#.#
#.#
#......####.#
#.# #......# #
#.# #......#
#.# #......#
#.# #.รท....#
######### #.#
########
#........ #.#
##.#########.#
#o@..........#
#o############
#######.#
........#
######..#
....# o.8...#
.o......#
o.......#


You could see an orc wizard and an orc (poisoned).

Vanquished Creatures
  An adder (D:2)
  2 endoplasms (D:1)
  A giant cockroach (D:1)
  3 hobgoblins
  2 quokkas (D:1)
  2 ball pythons
  2 frilled lizards (D:1)
  A goblin (D:1)
  2 kobolds
  A rat (D:1)
17 creatures vanquished.

Notes
Turn   | Place    | Note
-------+----------+-------------------------------------------
     0 | Abyss:1  | ChaosChampion the Demonspawn Abyssal Knight began the quest
                  | for the Orb.
     0 | Abyss:1  | Reached XP level 1. HP: 18/18 MP: 2/2
    14 | D:1      | Escaped the Abyss
   160 | D:1      | Reached skill level 1 in Dodging
   723 | D:1      | Gained mutation: You may rarely emit foul miasma when
                  | damaged in melee. [demonic ancestry]
   723 | D:1      | Reached XP level 2. HP: 23/24 MP: 3/3
  1450 | D:2      | Slain by an orc

Illustrated notes

Levels and vault maps discovered:
D:1:      minmay_arrival_glassed_features, layout_basic, minmay_surrounded
D:2:      cheibrodos_pilgrimage, layout_basic, serial_shops, shop, uniq_sigmund

Skill      XL: |  1  2 |
---------------+-------+-----
Dodging        | 1 |  1.3
Axes           | 2 |  2.0
Armour         | 2 |  2.0
Fighting       | |  3.3
Invocations    | |  2.9

Action                   || total
-------------------------++-------
Melee: Hand axe          ||    61
 Stab: Sleeping          ||     1
Armor: Leather armour    ||    18
Dodge: Dodged            ||    31

Table legend: (Time is in decaauts)
 A = Elapsed time spent in this place.
 B = Non-inter-level travel time spent in this place.
 C = Inter-level travel time spent in this place.
 D = Time resting spent in this place.
 E = Time spent auto-exploring this place.
 F = Levels seen in this place.
 G = Mean time per level.
                   A        B        C        D        E       F      G
               +--------+--------+--------+--------+--------+-----+--------+
         Total |   1461 |   1451 |     10 |    531 |    663 |   3 |  487.0 |
       Dungeon |   1447 |   1437 |     10 |    531 |    663 |   2 |  723.5 |
         Abyss |     14 |     14 |      0 |      0 |      0 |   1 |   14.0 |
               +--------+--------+--------+--------+--------+-----+--------+

Top non-repeatable levels by time:
     D:1: 974 daAuts
     D:2: 473 daAuts
 Abyss:1: 14 daAuts
